 Dungeon Crawl Stone Soup version 0.31-a0-187-gba352fbbf7 (webtiles) character file.

Game seed: 15461316592587589870

1906 qw the Skirmisher (level 8, -14/46 HPs)
             Began as a Deep Elf Hunter on June 22, 2023.
             Demolished by a two-headed ogre
             ... wielding a +0 giant club
              (18 damage)
             ... on level 6 of the Dungeon.
             The game lasted 00:02:11 (4685 turns).

qw the Skirmisher (Deep Elf Hunter)                 Turns: 4685, Time: 00:02:11

Health: -14/46     AC:  8    Str: 10    XL:     8   Next: 94%
Magic:  10/10      EV: 10    Int: 15    God:
Gold:   31         SH:  0    Dex: 18    Spells: 7/7 levels left

rFire   + . .        Y - +0 orcbow
rCold   . . .        (shield currently unavailable)
rNeg    . . .        m - +1 scale mail {rPois}
rPois   +            (no helmet)
rElec   .            (no cloak)
rCorr   .            n - +0 pair of gloves
SInv    .            (no boots)
Will    .....        (no amulet)
Stlth   +            f - ring of protection from fire
HPRegen 0.27/turn    (no ring)
MPRegen 0.12/turn

%: no passive effects
@: about to teleport
A: no striking features
a: no special abilities


You were on level 6 of the Dungeon.
You visited 1 branch of the dungeon, and saw 6 of its levels.

You collected 223 gold pieces.
You spent 192 gold pieces at shops.


   Skills:
 - Level 3.0 Fighting
 + Level 14.3 Ranged Weapons
 - Level 1.6 Armour
 - Level 4.3 Dodging
 - Level 1.2 Stealth


You had 7 spell levels left.
You didn't know any spells.
Your spell library was empty.

Inventory:

Hand Weapons
 Y - a +0 orcbow (weapon)
Armour
 m - a +1 scale mail of poison resistance (worn)
 n - a +0 pair of gloves (worn)
Jewellery
 f - a ring of protection from fire (left hand)
 l - a ring of poison resistance
Wands
 b - a wand of digging (4)
Scrolls
 h - 2 scrolls of identify
Potions
 a - 2 potions of might
 c - a potion of enlightenment
 d - a potion of heal wounds
 e - 4 potions of curing
 j - 2 potions of cancellation

Dungeon Overview and Level Annotations

Branches:
Dungeon (6/15)
 Temple: D:4-7

Altars:
Elyvilon
Fedhas
Hepliaklqana
Nemelex Xobeh
Sif Muna

Shops:
D:2 [   D:5 [

Annotations:
D:3 3 runed translucent doors, qw's ghost, amateur GrFi


Message History

The orc warrior is moderately wounded.
The orc warrior hits you with a +0 dire flail.
You shoot an arrow.
The arrow closely misses the orc warrior.
The orc warrior hits you with a +0 dire flail!
You shoot an arrow.
The arrow hits the orc warrior but does no damage.
The orc warrior is moderately wounded.
The orc warrior closely misses you.
You shoot an arrow.
The arrow hits the orc warrior but does no damage.
The orc warrior is moderately wounded.
You hear two shouts!
A two-headed ogre comes into view. It is wielding two +0 giant clubs.
The orc warrior hits you with a +0 dire flail.
The orc warrior hits you but does no damage.
You shoot an arrow.
The arrow completely misses the orc warrior.
The orc warrior hits you with a +0 dire flail!
You shoot an arrow.
The arrow closely misses the orc warrior.
You shoot an arrow. The arrow hits the two-headed ogre.
The two-headed ogre is lightly wounded.
You shoot an arrow. The arrow hits the two-headed ogre!
The two-headed ogre is moderately wounded.
The two-headed ogre hits you but does no damage.
The two-headed ogre hits you with a +0 giant club!
You shoot an arrow.
The arrow hits the two-headed ogre but does no damage.
The two-headed ogre is moderately wounded.
The orc warrior completely misses you.
You shoot an arrow. The arrow hits the two-headed ogre!
The two-headed ogre is heavily wounded.
The two-headed ogre closely misses you. The two-headed ogre barely misses you.
The orc warrior hits you with a +0 dire flail!
4685 ||| READING scroll of teleportation.
As you read the scroll of teleportation, it crumbles to dust.
You feel strangely unstable.
The two-headed ogre hits you with a +0 giant club!!
You die...

###.####...#
...}.......#
###.####...#
#.###..## #
#.###..######.#
##.
#............#
##...
#.....########
#.....#..#.##
......O@...#
...#..o..###
#######


You could see a two-headed ogre and an orc warrior.

Vanquished Creatures
  Pikel (D:5)
  Sigmund (D:2)
  A wyvern (D:6)
  An ice beast (D:5)
  3 ogres
  2 lemures (D:5)
  A kobold brigand (D:6)
  A gnoll sergeant (D:5)
  A howler monkey (D:6)
  4 hounds
  3 orc priests (D:6)
  A jelly (D:4)
  Jessica (D:2)
  Natasha (thrice) (D:3)
  3 orc wizards (D:5)
  4 gnolls (D:5)
  7 adders
  A worm (D:2)
  5 dart slugs
  18 orcs
  10 endoplasms
  6 giant cockroaches
  4 goblins
  6 hobgoblins
  14 kobolds
  4 quokkas
  5 ball pythons
  3 bats
  2 rats (D:3)
116 creatures vanquished.

Notes
Turn   | Place    | Note
-------+----------+-------------------------------------------
     0 | D:1      | qw the Deep Elf Hunter began the quest for the Orb.
     0 | D:1      | Reached XP level 1. HP: 12/12 MP: 3/3
     0 | D:1      | 0 ||| qw: Version: 0.3-a-9-g12657ce
     0 | D:1      | 0 ||| qw: Game counter: 2546
     0 | D:1      | 0 ||| qw: Always use a shield: true
     0 | D:1      | 0 ||| qw: God list: Okawaru
     0 | D:1      | 0 ||| qw: Allow faded altars: false
     0 | D:1      | 0 ||| qw: Do Orc after D:15 true
     0 | D:1      | 0 ||| qw: Do second Lair branch before Depths: true
     0 | D:1      | 0 ||| qw: Lair rune preference: random
     0 | D:1      | 0 ||| qw: Plans: Normal
     0 | D:1      | 0 ||| PLANNING D:1-11
   182 | D:1      | HP: 3/12 [frozen (4)]
   184 | D:1      | HP: 1/12 [frozen (3)]
   279 | D:1      | Reached skill level 6 in Ranged Weapons
   279 | D:1      | Reached XP level 2. HP: 16/16 MP: 4/4
   673 | D:1      | 673 ||| UPGRADING to +0 ring mail.
   683 | D:1      | 683 ||| DROPPING +0 leather armour.
   684 | D:1      | 684 ||| UPGRADING to ring of protection from fire.
   685 | D:1      | 685 ||| UPGRADING to ring of poison resistance.
   686 | D:1      | 686 ||| READING scroll labelled MOVAYT NEPN.
   687 | D:1      | 687 ||| READING 3 scrolls labelled EMMIGHABRA.
   688 | D:1      | 688 ||| READING scroll labelled YRHORO ERIUTTA.
   689 | D:1      | 689 ||| READING scroll labelled QICIHO JAIDUI.
   790 | D:1      | 790 ||| READING scroll labelled WIC KEB MIPHUG.
   791 | D:1      | 791 ||| DROPPING scroll of butterflies.
   792 | D:1      | 792 ||| DROPPING 2 scrolls of fear.
   887 | D:2      | Noticed Sigmund
   898 | D:2      | Killed Sigmund
   899 | D:2      | Reached skill level 8 in Ranged Weapons
   899 | D:2      | Reached XP level 3. HP: 8/20 MP: 5/5
   899 | D:2      | Reached XP level 4. HP: 10/25 MP: 6/6
   899 | D:2      | Reached XP level 5. HP: 12/29 MP: 7/7
  1109 | D:2      | Reached skill level 9 in Ranged Weapons
  1162 | D:2      | Found Woseg's Armour Emporium.
  1171 | D:2      | 1171 ||| SHOPLISTING +1 leather armour of cold resistance
                  | (196 gold, have 100).
  1171 | D:2      | 1171 ||| SHOPLISTING +5 leather armour of the Arcane {rElec
                  | rC- Regen+} (476 gold, have 100).
  1557 | D:2      | Noticed Jessica
  1559 | D:2      | Killed Jessica
  1563 | D:2      | 1563 ||| FLEEEEING.
  1609 | D:2      | Noticed an ogre
  1617 | D:2      | Killed an ogre
  1618 | D:2      | Reached XP level 6. HP: 35/35 MP: 8/8
  1658 | D:2      | 1658 ||| READING 2 scrolls labelled TILOCL EFULEI.
  1722 | D:2      | 1722 ||| READING scroll labelled IHAXOR HAIC.
  1723 | D:2      | 1723 ||| READING scroll labelled TOBIOK OHIGORPH.
  1724 | D:2      | 1724 ||| READING 2 scrolls labelled AMPAUC CIENT.
  1725 | D:2      | 1725 ||| READING scroll of brand weapon.
  1725 | D:2      | 1725 ||| BRANDING +1 shortbow of flaming.
  1726 | D:2      | 1726 ||| READING scroll labelled LOOZEO TOIGGEO.
  1727 | D:2      | 1727 ||| READING 4 scrolls labelled ERYPOLA LOENAI.
  1730 | D:2      | 1730 ||| DRINKING 2 sapphire potions.
  1731 | D:2      | 1731 ||| READING 2 scrolls of identify.
  1731 | D:2      | 1731 ||| IDENTIFYING purple potion
  1732 | D:2      | 1732 ||| DROPPING scroll of torment.
  1852 | D:3      | Found a runed translucent gate.
  1852 | D:3      | Found a runed translucent gate.
  1852 | D:3      | Found a runed translucent gate.
  2065 | D:3      | Noticed Natasha
  2068 | D:3      | Killed Natasha
  2069 | D:3      | Reached skill level 10 in Ranged Weapons
  2153 | D:3      | Noticed Natasha
  2156 | D:3      | 2156 ||| FLEEEEING.
  2157 | D:3      | 2157 ||| FLEEEEING.
  2159 | D:3      | 2159 ||| FLEEEEING.
  2165 | D:3      | Killed Natasha
  2197 | D:3      | Noticed qw's ghost (amateur GrFi)
  2405 | D:3      | Noticed Natasha
  2409 | D:3      | Killed Natasha
  2410 | D:3      | Reached skill level 3 in Dodging
  2439 | D:3      | 2439 ||| READING 2 scrolls of identify.
  2439 | D:3      | 2439 ||| IDENTIFYING red potion
  2485 | D:4      | Found a blossoming altar of Fedhas.
  2487 | D:4      | Found a hazy altar of Hepliaklqana.
  2487 | D:4      | Found a white marble altar of Elyvilon.
  2700 | D:4      | Reached XP level 7. HP: 40/40 MP: 9/9
  2857 | D:4      | 2857 ||| DROPPING scarf of harm.
  2858 | D:4      | 2858 ||| READING 2 scrolls labelled QOITWI GUAR.
  2859 | D:4      | 2859 ||| DROPPING scroll of noise.
  2881 | D:5      | Entered Level 5 of the Dungeon
  2890 | D:5      | Found a sparkling altar of Nemelex Xobeh.
  2896 | D:5      | Noticed Pikel
  2916 | D:5      | HP: 8/40 [Pikel/+1 whip of flaming (5)]
  2917 | D:5      | 2917 ||| READING 3 scrolls of teleportation.
  2920 | D:5      | Killed Pikel
  2921 | D:5      | Reached skill level 12 in Ranged Weapons
  2921 | D:5      | 2921 ||| READING 2 scrolls of teleportation.
  2922 | D:5      | HP: 7/40 [orc/+0 club (2)]
  2977 | D:5      | Reached skill level 1 in Armour
  2977 | D:5      | Reached XP level 8. HP: 23/44 MP: 10/10
  3254 | D:5      | 3254 ||| SWAPPING to +0 orcbow.
  3255 | D:5      | 3255 ||| DROPPING +1 shortbow of draining.
  3306 | D:5      | Reached skill level 3 in Fighting
  3745 | D:5      | Found a shimmering blue altar of Sif Muna.
  3904 | D:5      | Found Mecw's Antique Armour Emporium.
  3912 | D:5      | 3912 ||| BUYING fine leather armour (126 gold).
  3912 | D:5      | Bought a fine leather armour for 126 gold pieces
  3912 | D:5      | Identified the +1 leather armour "Ves Qooll" {MP+9 Str+3}
                  | (You bought it in a shop on level 5 of the Dungeon)
  3912 | D:5      | 3912 ||| BUYING glowing robe (66 gold).
  3912 | D:5      | Bought a glowing robe for 66 gold pieces
  3931 | D:5      | 3931 ||| Stepping ~*~*~tactically~*~*~ (outnumbered).
  3937 | D:5      | Reached skill level 13 in Ranged Weapons
  3946 | D:5      | 3946 ||| FLEEEEING.
  3947 | D:5      | 3947 ||| FLEEEEING.
  4159 | D:5      | 4159 ||| UPGRADING to +1 scale mail of poison resistance.
  4169 | D:5      | 4169 ||| REMOVING ring of poison resistance.
  4170 | D:5      | 4170 ||| DROPPING +0 ring mail.
  4171 | D:5      | 4171 ||| UPGRADING to +0 pair of gloves.
  4176 | D:5      | 4176 ||| DROPPING +1 leather armour "Ves Qooll" {MP+9
                  | Str+3}.
  4177 | D:5      | 4177 ||| DROPPING +2 robe of willpower.
  4178 | D:5      | 4178 ||| READING 5 scrolls of identify.
  4178 | D:5      | 4178 ||| IDENTIFYING lumpy green potion
  4179 | D:5      | 4179 ||| READING 4 scrolls of identify.
  4179 | D:5      | 4179 ||| IDENTIFYING dark potion
  4180 | D:5      | 4180 ||| READING 3 scrolls of identify.
  4180 | D:5      | 4180 ||| IDENTIFYING green potion
  4181 | D:5      | 4181 ||| DROPPING potion of attraction.
  4266 | D:6      | 4266 ||| FLEEEEING.
  4267 | D:6      | 4267 ||| FLEEEEING.
  4269 | D:6      | 4269 ||| STAIRDANCE
  4305 | D:5      | 4305 ||| READING scroll labelled TUCOIR META.
  4310 | D:6      | 4310 ||| Stepping ~*~*~tactically~*~*~ (outnumbered).
  4399 | D:6      | 4399 ||| Stepping ~*~*~tactically~*~*~ (outnumbered).
  4401 | D:6      | 4401 ||| Stepping ~*~*~tactically~*~*~ (outnumbered).
  4403 | D:6      | 4403 ||| Stepping ~*~*~tactically~*~*~ (outnumbered).
  4542 | D:6      | Reached skill level 14 in Ranged Weapons
  4678 | D:6      | Noticed a two-headed ogre
  4684 | D:6      | HP: 4/46 [orc warrior/+0 dire flail (9)]
  4685 | D:6      | 4685 ||| READING scroll of teleportation.
  4685 | D:6      | Demolished by a two-headed ogre

Levels and vault maps discovered:
D:1:      minmay_arrival_cross, layout_basic, minmay_misc_feat_iff
D:2:      layout_basic, serial_shops, shop, uniq_sigmund, uniq_jessica
D:3:      layout_rooms, gammafunk_ghost_icy, minmay_misc_feat_plants,
          uniq_natasha
D:4:      layout_cave_pools, chequers_temple_overflow_statue_of_worship
D:5:      layout_loops_corners, old_standard_altar,
          nicolae_sif_muna_little_library, serial_shops, shop, minivault_5,
          minmay_misc_feat_doors, uniq_pikel
D:6:      layout_basic, grunt_qazlal_clouds, kb_rosetta

Skill      XL: |  1  2  3  4  5  6  7  8 |
---------------+-------------------------+-----
Ranged Weapons | 6 8 9 10 12 14 | 14.3
Fighting       | 2 3 |  3.0
Dodging        | 3 4 |  4.3
Armour         | 1 |  1.6
Stealth        | |  1.2

Action                     |  1- 3 |  4- 6 |  7- 9 || total
---------------------------+-------+-------+-------++-------
   Fire: Shortbow          |    55 |   139 |    57 ||   251
         Orcbow            |       |       |   152 ||   152
    Use: Scroll            |     5 |     9 |     8 ||    22
         Potion            |       |     1 |       ||     1
 Armour: Leather armour    |     1 |       |       ||     1
         Ring mail         |     4 |    12 |    10 ||    26
         Scale mail        |       |       |    21 ||    21
  Dodge: Dodged            |    16 |    25 |    52 ||    93

Table legend:
 A = Non-vault XP
 B = Vault XP
 C = Vault XP percentage of total XP
 D = Non-vault monster count
 E = Vault monster count
 F = Vault count percentage of total count
                 A         B        C        D         E       F
            +---------+---------+-------+---------+---------+-------
      Total |    1507 |    1217 |  44.7 |     108 |       6 |   5.3
            +---------+---------+-------+---------+---------+-------
        D:1 |      22 |       0 |   0.0 |      11 |       0 |   0.0
        D:2 |     165 |     260 |  61.2 |      17 |       2 |  10.5
        D:3 |     126 |      37 |  22.7 |      21 |       1 |   4.5
        D:4 |     124 |       0 |   0.0 |      19 |       0 |   0.0
        D:5 |     737 |     651 |  46.9 |      28 |       1 |   3.4
        D:6 |     333 |     269 |  44.7 |      12 |       2 |  14.3
            +---------+---------+-------+---------+---------+-------
